 Dungeon Crawl Stone Soup version 0.30-a0-715-gdb4ae3ece1 (webtiles) character file.

Game seed: 17938105840057599824

16 Alitron123 the Trooper (level 2, 0/20 HPs)
             Began as a Gargoyle Berserker on Jan 23, 2023.
             Was a Follower of Trog.
             Slain by a jackal (2 damage)
             ... on level 1 of the Dungeon.
             The game lasted 00:00:36 (401 turns).

Alitron123 the Trooper (Gargoyle Berserker)          Turns: 401, Time: 00:00:37

Health: 0/20       AC:  5    Str: 20    XL:     2   Next: 58%
Magic:  2/2        EV: 11    Int:  7    God:    Trog [*.....]
Gold:   22         SH:  0    Dex:  9    Spells: 1/1 levels left

rFire   . . .      SeeInvis .    a - +0 mace
rCold   . . .      Faith    .    (no shield)
rNeg    + . .      Spirit   .    b - +0 animal skin
rPois   ∞          Reflect  .    (no helmet)
rElec   +          Harm     .    (no cloak)
rCorr   .          Rampage  .    (no gloves)
Will    .....                    (no boots)
Stlth   +                        (no amulet)
HPRegen 0.23/turn                (no ring)
MPRegen 0.08/turn                (no ring)

@: on berserk cooldown, slowed, very slow
A: sickness immunity, AC +2, negative energy resistance 1, electricity
resistance, torment resistance 1, petrification resistance
a: Renounce Religion, Berserk


You were on level 1 of the Dungeon.
You worshipped Trog.
Trog was aware of your devotion.
You visited 1 branch of the dungeon, and saw 1 of its levels.

You collected 22 gold pieces.

Inventory:

Hand Weapons
 a - a +0 mace (weapon)
Armour
 b - a +0 animal skin (worn)
Jewellery
 d - a ring of ice
Scrolls
 c - 2 scrolls of identify {unknown}
 e - 2 scrolls of fear {unknown}
Potions
 f - a potion of attraction {unknown}


   Skills:
 + Level 3.7 Fighting
 + Level 3.2 Maces & Flails
 + Level 2.5 Armour
 + Level 1.6 Dodging


You had one spell level left.
You didn't know any spells.
Your spell library was empty.

Dungeon Overview and Level Annotations

Branches:
Dungeon (1/15)

Altars:


Innate Abilities, Weirdness & Mutations

You are immune to sickness and miasma.
Your stone body is resilient. (AC +2)
You are immune to poison.
You resist negative energy. (rN+)
You are resistant to electric shocks. (rElec)
You are resistant to unholy torment.
You are immune to petrification.


Message History

Trog accepts your kill. The jackal barely misses you.
The quokka barely misses you.
The jackal bites you but does no damage.
The quokka barely misses you.
You see here a hobgoblin corpse.
You closely miss the quokka.
You are no longer berserk.
You are exhausted.
You feel yourself slow down. The jackal bites you.
* * * LOW HITPOINT WARNING * * *
The quokka closely misses you. The jackal closely misses you.
You closely miss the quokka. The jackal misses you.
The quokka twitches its whiskers.
The quokka bites you but does no damage.
The jackal bites you.
* * * LOW HITPOINT WARNING * * *
The quokka closely misses you.
You sock the quokka!
You kill the quokka!
Trog accepts your kill. The jackal bites you.
* * * LOW HITPOINT WARNING * * *
The jackal misses you.
The jackal bites you but does no damage.
You barely miss the jackal. The jackal barely misses you. x2
You hit the jackal but do no damage.
The jackal bites you but does no damage.
The jackal closely misses you. The jackal barely misses you.
You barely miss the jackal. The jackal bites you.
* * * LOW HITPOINT WARNING * * *
The jackal closely misses you. The jackal barely misses you.
You completely miss the jackal.
The jackal bites you but does no damage.
The jackal closely misses you.
You hit the jackal.
The jackal is lightly wounded.
The jackal bites you.
* * * LOW HITPOINT WARNING * * *
The jackal bites you.
You die...

..#. .... ##.#.
... ..... ..#
##.#. ..#
#####.#. ..#
........ ###..#
####.#. #....#
#... #.@h# ####
#..## #..# #..#
###### #..#
...... ##
#..######.
###### ..#
#......... #.#
#.######## #.#
#.##############


You could see a jackal.

Vanquished Creatures
  An endoplasm (D:1)
  2 goblins (D:1)
  3 hobgoblins (D:1)
  A jackal (D:1)
  A kobold (D:1)
  A quokka (D:1)
  A ball python (D:1)
  2 frilled lizards (D:1)
  3 rats (D:1)
15 creatures vanquished.

Notes
Turn   | Place    | Note
-------+----------+-------------------------------------------
     0 | D:1      | Alitron123 the Gargoyle Berserker began the quest for the
                  | Orb.
     0 | D:1      | Reached XP level 1. HP: 14/14 MP: 1/1
   133 | D:1      | Found a faded altar of an unknown god.
   199 | D:1      | Reached XP level 2. HP: 11/19 MP: 2/2
   396 | D:1      | HP: 1/20 [jackal (1)]
   401 | D:1      | Slain by a jackal

Illustrated notes

Levels and vault maps discovered:
D:1:      psy_arrival_statuary, layout_loops_ring,
          hellmonk_ecumenical_altar_crossroads, minmay_tetromino_t2

Action                     || total
---------------------------++-------
  Melee: Mace              ||    60
 Invoke: Berserk           ||     1
 Armour: Animal skin       ||    30
  Dodge: Dodged            ||    65

Table legend: (Time is in decaauts)
 A = Elapsed time spent in this place.
 B = Non-inter-level travel time spent in this place.
 C = Inter-level travel time spent in this place.
 D = Time resting spent in this place.
 E = Time spent auto-exploring this place.
 F = Levels seen in this place.
 G = Mean time per level.
                   A        B        C        D        E       F      G
               +--------+--------+--------+--------+--------+-----+--------+
         Total |    415 |    415 |      0 |      0 |    291 |   1 |  415.0 |
       Dungeon |    415 |    415 |      0 |      0 |    291 |   1 |  415.0 |
               +--------+--------+--------+--------+--------+-----+--------+

Top non-repeatable levels by time:
     D:1: 415 daAuts
